 Dungeon Crawl Stone Soup version 0.27.1 (webtiles) character file.

Game seed: 12748700410788666095

9 Ishikawa the Skirmisher (level 2, -13/24 HPs)
             Began as a Demonspawn Fighter on Aug 27, 2021.
             Mangled by a kobold (17 damage)
             ... on level 1 of the Dungeon.
             The game lasted 00:00:34 (279 turns).

Ishikawa the Skirmisher (Demonspawn Fighter)         Turns: 279, Time: 00:00:34

Health: -13/24     AC:  6    Str: 16    XL:     2   Next: 6%
Magic:  2/2        EV:  6    Int:  9    God:
Gold:   10         SH: 12    Dex: 12    Spells: 1/1 levels left

rFire    . . .     SeeInvis .   a - +0 war axe
rCold    . . .     Faith    .   c - +0 kite shield
rNeg     . . .     Spirit   .   b - +0 scale mail
rPois    .         Reflect  .   (no helmet)
rElec    .         Harm     .   (no cloak)
rCorr    .         Rampage  .   (no gloves)
Will     .....                  (no boots)
Stlth    ..........             (no amulet)
HPRegen  0.08/turn              (no ring)
MPRegen  0.08/turn              (no ring)

@: no status effects
A: condensation shield
a: no special abilities


You were on level 1 of the Dungeon.
You visited 1 branch of the dungeon, and saw 1 of its levels.

You collected 10 gold pieces.

Inventory:

Hand Weapons
 a - a +0 war axe (weapon)
Armour
 b - a +0 scale mail (worn)
 c - a +0 kite shield (worn)
Scrolls
 f - a scroll of noise {unknown}
 g - a scroll of teleportation {unknown}
Potions
 d - a potion of might
 e - a potion of curing {unknown}


   Skills:
 * Level 3.1 Fighting
 * Level 1.8 Axes
 * Level 2.8 Armour
 * Level 0.1 Dodging
 * Level 0.1 Stealth
 * Level 2.8 Shields
 * Level 0.2 Spellcasting


You had one spell level left.
You didn't know any spells.
Your spell library was empty.

Dungeon Overview and Level Annotations

Branches:
Dungeon (1/15)

Altars:


Innate Abilities, Weirdness & Mutations

A meltable shield of frost defends you. (SH +4)


Message History

You open the door.
A giant cockroach comes into view.
The giant cockroach barely misses you.
The giant cockroach bites you but does no damage.
There is an open door here.
You hit the giant cockroach.
The giant cockroach is lightly wounded.
You block the giant cockroach's attack.
You hit the giant cockroach but do no damage.
The giant cockroach is lightly wounded.
You block the giant cockroach's attack. x2
You slash the giant cockroach!
You kill the giant cockroach!
You have reached level 2!
Your demonic ancestry asserts itself...
Frost condenses into a shield before you.
You open the door.
A bat comes into view.
There is an open door here.
A bat is nearby!
The bat barely misses you. The bat barely misses you.
You closely miss the bat. You block the bat's attack.
The bat barely misses you. The bat barely misses you.
You barely miss the bat. You block the bat's attack.
You slash the bat!
You kill the bat!
A kobold comes into view.
It is wielding a +2 whip of electrocution.
The kobold shouts!
You barely miss the kobold. You block the kobold's attack.
The kobold hits you but does no damage.
You are electrocuted!!
Ouch! That really hurt!
* * * LOW HITPOINT WARNING * * *
You hit the kobold but do no damage.
The kobold hits you with a +2 whip of electrocution.
* * * LOW HITPOINT WARNING * * *
You are electrocuted!
Ouch! That really hurt!
You die...

.########.# #.# #.# #.###.#
#.# ......# #.# #.##..# #.#
##### #.##..#####'#### .
#.#.### #.##...........# .####
#....## #. #......†....#
....####....###K###..........#
##.†.........##.@.........####
..##.###......#####.####..#
##(..# ####...# #.# #..#
###### ##..# ... .....
#####...# ##..# #..##
####.......# #...
##.......†### #....
##.........# ....
##..........#


You could see a kobold.

Vanquished Creatures
  A dart slug (D:1)
  An endoplasm (D:1)
  2 giant cockroaches (D:1)
  A goblin (D:1)
  A bat (D:1)
  A frilled lizard (D:1)
7 creatures vanquished.

Notes
Turn   | Place    | Note
-------+----------+-------------------------------------------
     0 | D:1      | Ishikawa the Demonspawn Fighter began the quest for the
                  | Orb.
     0 | D:1      | Reached XP level 1. HP: 18/18 MP: 1/1
    65 | D:1      | Found a faded altar of an unknown god.
   250 | D:1      | Gained mutation: A meltable shield of frost defends you.
                  | (SH +4) [demonic ancestry]
   250 | D:1      | Reached XP level 2. HP: 24/24 MP: 2/2
   279 | D:1      | Mangled by a kobold

Illustrated notes

Levels and vault maps discovered:
D:1:      dpeg_arrival_arbitrary_a, layout_basic, basic_ecumenical_altar

Action                   || total
-------------------------++-------
Melee: War axe           ||    14
Armor: Scale mail        ||     5
Dodge: Dodged            ||     5
Block: Kite shield       ||     6
